 Dungeon Crawl Stone Soup version 0.18.1-50-g88ac8fd (webtiles) character file.

150 Amnesiac the Charlatan (level 5, 0/28 HPs)
             Began as a Deep Elf Artificer on Feb 27, 2018.
             Slain by a killer bee (6 damage)
             ... on level 3 of the Dungeon.
             The game lasted 00:04:30 (993 turns).

Amnesiac the Charlatan (Deep Elf Artificer)          Turns: 993, Time: 00:04:32

Health: 0/28       AC:  3    Str:  8    XL:     5   Next: 10%
Magic:  11/11      EV: 12    Int: 18    God:
Gold:   41         SH:  0    Dex: 15    Spells: 0 memorised, 4 levels left

rFire  . . .     SeeInvis .     n - +0 quarterstaff
rCold  . . .     Gourm    .     b - +0 leather armour
rNeg   . . .     Faith    .     (shield currently unavailable)
rPois  .         Spirit   .     (no helmet)
rElec  .         Dismiss  .     (no cloak)
rCorr  .         Reflect  .     (no gloves)
SustAt .         Harm     .     (no boots)
MR     .....                    (no amulet)
Stlth  ++........               (no ring)
                                (no ring)

@: lethally poisoned (0 -> -12), not resistant to hostile enchantments,
unstealthy
A: no striking features
a: no special abilities


You were on level 3 of the Dungeon.
You were not hungry.

You visited 1 branch of the dungeon, and saw 4 of its levels.

You collected 41 gold pieces.

Inventory:

Hand Weapons
 a - a +0 short sword
 l - a +2 vampiric short sword
 n - a +0 quarterstaff (weapon)
 p - a +3 dagger of speed
Missiles
 o - 18 stones (quivered)
Armour
 b - a +0 leather armour (worn)
Wands
 c - a wand of flame (7/48)
 d - a wand of enslavement (8/24)
 e - a wand of random effects (13/48)
Scrolls
 i - a scroll of enchant weapon {!r, unknown}
 j - a scroll of remove curse {!r, unknown}
Potions
 h - a potion of resistance {!q, unknown}
 k - 2 potions of brilliance {!q}
 m - a potion of lignification {!q, unknown}
Comestibles
 f - 3 bread rations
 g - 3 fruits


   Skills:
 - Level 0.7 Fighting
 - Level 1.0 Short Blades
 - Level 2.4 Dodging
 - Level 1.2 Stealth
 + Level 6.4 Evocations


You had 4 spell levels left.
You didn't know any spells.

Dungeon Overview and Level Annotations

Branches:
Dungeon (4/15)
 Temple: D:4-7

Altars:
Vehumet


Message History

a dagger; a short sword; an adder corpse; a kobold corpse; a bat corpse
Found an escape hatch in the floor.
Found a robe.
A giant newt comes into view.
You miss the giant newt.
The giant newt bites you but does no damage.
You barely miss the giant newt. The giant newt bites you.
You hit the giant newt.
You kill the giant newt!
You see here a giant newt corpse.
A hobgoblin comes into view.
There is an escape hatch in the floor here.
You slide downwards.
The hatch slams shut behind you.
A hobgoblin comes into view. It is wielding a club.
You see here 17 stones.
o - 18 stones (gained 17)
Found a beef jerky.
There is a stone staircase leading down here.
The hobgoblin misses you.
You swing at nothing.
The hobgoblin hits you but does no damage.
You hit the hobgoblin.
The hobgoblin is heavily wounded.
The hobgoblin misses you.
You closely miss the hobgoblin.
The hobgoblin is heavily wounded.
The hobgoblin barely misses you.
You hit the hobgoblin.
The hobgoblin is severely wounded.
The hobgoblin barely misses you.
The killer bee buzzes angrily.
You hit the hobgoblin.
You kill the hobgoblin!
You sock the killer bee!
The killer bee is heavily wounded.
The killer bee stings you but does no damage.
The killer bee barely misses you. The killer bee stings you.
Evoke which item? (* to show all) (? for menu, Esc to quit)
Zapping:
c - a wand of flame (10/48)
Press: ? - help, Shift-Dir - straight line, f - killer bee
Aim: a killer bee (moderately wounded)
The puff of flame misses the killer bee.
This wand has 9 charges left.
The killer bee closely misses you.
The killer bee stings you but does no damage.
Evoke which item? (* to show all) (? for menu, Esc to quit)
Zapping:
c - a wand of flame (9/48)
Press: ? - help, Shift-Dir - straight line, f/p - killer bee
Aim: a killer bee (moderately wounded)
The puff of flame misses the killer bee.
This wand has 8 charges left.
The killer bee stings you. The killer bee stings you!
* * * LOW HITPOINT WARNING * * *
You are lethally poisoned!
The killer bee poisons you!
Evoke which item? (* to show all) (? for menu, Esc to quit)
Zapping:
c - a wand of flame (8/48)
Press: ? - help, Shift-Dir - straight line, f/p - killer bee
Aim: a killer bee (moderately wounded)
The puff of flame hits the killer bee.
The killer bee is severely wounded.
This wand has 7 charges left.
* * * LOW HITPOINT WARNING * * *
You feel sick. The killer bee stings you.
You die...

#.###.###.#.
#.#.........#. .
#.#.##.####.#. ..
#.#.##.#..#.#. ..
#.#.##.#..#.#. #.
##............. ..
.............#.
#.########.#.##.##.##..
#.....@y.....#.....##..
##########...#..#####..
.......>............
....................
####.............##.
%...................
####.###########.#.. #.
............ #.
########....


You could see a killer bee.

Vanquished Creatures
  Jessica (D:2)
  A worker ant (D:4)
  A gnoll (D:3)
  An adder (D:2)
  A giant cockroach (D:3)
  3 goblins
  3 hobgoblins
  3 jackals (D:2)
  3 kobolds
  2 bats (D:2)
  3 giant newts
22 creatures vanquished.

Vanquished Creatures (collateral kills)
  3 killer bees (D:3)
3 creatures vanquished.

Vanquished Creatures (others)
  A killer bee (D:3)
  A hound (D:4)
  A giant gecko (D:3)
3 creatures vanquished.

Grand Total: 28 creatures vanquished

Notes
Turn   | Place    | Note
--------------------------------------------------------------
     0 | D:1      | Amnesiac the Deep Elf Artificer began the quest for the Orb.
     0 | D:1      | Reached XP level 1. HP: 11/11 MP: 5/5
   192 | D:3      | Found a faded altar to an unknown god.
   209 | D:3      | Found a radiant altar of Vehumet.
   238 | D:4      | Noticed a worker ant
   238 | D:4      | Noticed a hound
   265 | D:4      | Killed a worker ant
   265 | D:4      | Reached skill level 4 in Evocations
   265 | D:4      | Reached XP level 2. HP: 16/16 MP: 7/7
   478 | D:3      | Reached XP level 3. HP: 17/20 MP: 8/8
   517 | D:3      | Noticed a killer bee
   517 | D:3      | Noticed a killer bee
   517 | D:3      | Noticed a killer bee
   518 | D:3      | Noticed a killer bee
   518 | D:3      | Noticed a killer bee
   518 | D:3      | Noticed a killer bee
   522 | D:3      | Killed a killer bee
   522 | D:3      | Reached skill level 5 in Evocations
   526 | D:3      | Killed a killer bee
   526 | D:3      | Reached XP level 4. HP: 24/24 MP: 8/10
   635 | D:3      | Noticed a naga
   635 | D:3      | a killer bee changed into a naga
   775 | D:2      | Reached skill level 6 in Evocations
   786 | D:2      | Noticed Jessica
   794 | D:2      | Killed Jessica
   794 | D:2      | Reached XP level 5. HP: 11/28 MP: 11/11
   993 | D:3      | Slain by a killer bee

Skill      XL: |  1  2  3  4 |
---------------+-------------+-----
Evocations     | 4 5 6 |  6.4
Fighting       | |  0.7
Short Blades   | |  1.0
Dodging        | |  2.4
Stealth        | |  1.2

Action                   |  1- 3 |  4- 6 || total
-------------------------+-------+-------++-------
Melee: Short sword       |    13 |       ||    13
       Quarterstaff      |     4 |    46 ||    50
Evoke: Wand              |     8 |     9 ||    17
  Use: Potion            |     2 |       ||     2
 Stab: Sleeping          |     1 |       ||     1
Armor: Leather armour    |     6 |    20 ||    26
Dodge: Dodged            |    18 |    38 ||    56
